AoeStats
← Amor Fati

African Clearing

506103453Analyzed
2v2 RM · 20d ago on Sep 12, 2026· 35m 33s· 4 players
Game mode
Random Map
Map size
Medium (4 player)
Population
200
Speed
Normal
Resources
Standard
Victory
Conquest
Starting age
Dark Age
Ending age
Imperial Age
RankedLock teamsTeams togetherTeam positionsShared explorationLock speedFull tech treeHidden civsTurbo modeCheats
Victory
Defeat
🇳🇱 Georgians · Netherlands
1186
+18
🇳🇱 Huns · Netherlands
1159
+19
🇭🇰 Slavs · Hong Kong SAR China
1252
-19
🇪🇸 Hindustanis · Spain
1217
-18
Dragerwoods
5:24 Loom
13:09 Feudal Age
13:38 Double-Bit Axe
13:35 Horse Collar
16:25 Man-at-Arms
17:38 Forging
19:34 Castle Age
17:54 Gold Mining
17:59 Man-at-Arms
18:41 Scale Mail Armor
20:06 Long Swordsman
22:42 Squires
27:10 Pikeman
33:29 Iron Casting
34:31 Chain Mail Armor
n13s
6:44 Loom
14:44 Feudal Age
15:20 Double-Bit Axe
22:17 Castle Age
Slowcookerfastshooter
13:34 Feudal Age
12:06 Loom
15:13 Loom
17:39 Castle Age
15:46 Double-Bit Axe
15:55 Gold Mining
17:18 Scale Barding Armor
18:07 Bloodlines
19:44 Forging
26:50 Chain Barding Armor
28:48 Town Watch
29:49 Iron Casting
29:15 Husbandry
35:35 Wheelbarrow
Amor Fati
5:37 Loom
14:11 Feudal Age
14:52 Double-Bit Axe
19:20 Castle Age
17:59 Scale Barding Armor
18:54 Bloodlines
24:54 Wheelbarrow
31:02 Forging
34:01 Stone Mining
Connection lost

Rejoining the realm…

Still unreachable

The connection could not be restored.

Session expired

The server has moved on; the page needs a fresh start.